 Dungeon Crawl Stone Soup version 0.19.1-1-g22dce08 (console) character file.

540 Kloppie the Skirmisher (level 7, -7/96 HPs)
             Began as a Mottled Draconian Berserker on Jan 21, 2017.
             Was a Priest of Trog.
             Mangled by Edmund
             ... wielding a +6 dire flail of holy wrath
              (14 damage)
             ... on level 4 of the Dungeon.
             The game lasted 00:03:46 (3104 turns).

Kloppie the Skirmisher (DrBe)                       Turns: 3104, Time: 00:03:47

Health: -7/96      AC:  7    Str: 25    XL:     7   Next: 5%
Magic:  7/7        EV: 13    Int:  7    God:    Trog [***...]
Gold:   120        SH:  0    Dex: 12    Spells: 0 memorised, 6 levels left

rFire  . . .     SeeInvis .     a - +0 hand axe
rCold  . . .     Gourm    .     (armour unavailable)
rNeg   . . .     Faith    .     (no shield)
rPois  .         Spirit   .     (helmet restricted)
rElec  .         Reflect  .     w - +0 cloak
rCorr  .         Harm     .     (no gloves)
MR     .....                    (no boots)
Stlth  ..........               (no amulet)
                                (no ring)
                                (no ring)

@: berserking, short of breath, very quick
A: breathe sticky flame splash, unfitting armour, cold-blooded, AC +6
a: Breathe Sticky Flame, Berserk, Trog's Hand, Burn Spellbooks, Renounce
Religion


You were on level 4 of the Dungeon.
You worshipped Trog.
Trog was most pleased with you.
You were very hungry.

You visited 1 branch of the dungeon, and saw 4 of its levels.

You collected 120 gold pieces.

Inventory:

Hand Weapons
 a - a +0 hand axe (weapon)
 y - a +0 war axe
Armour
 w - a +0 cloak (worn)
Jewellery
 q - a +6 ring of dexterity {unknown}
Wands
 n - a wand of polymorph (10/24)
 t - a wand of lightning (8/15)
 x - a wand of slowing (36/48)
Scrolls
 c - 4 scrolls of remove curse {unknown}
 e - 3 scrolls of teleportation {unknown}
 k - a scroll of fear {unknown}
 l - 2 scrolls of identify {unknown}
 r - a scroll of fog {unknown}
 s - a scroll of magic mapping {unknown}
 v - a scroll of blinking {unknown}
Potions
 g - a potion of haste {unknown}
 h - 2 potions of lignification {unknown}
 i - a potion of resistance {unknown}
 j - a potion of degeneration {unknown}
 m - a potion of brilliance {unknown}
 o - a potion of curing {unknown}
 p - a potion of heal wounds {unknown}
 z - 2 potions of mutation {unknown}
Comestibles
 b - 4 bread rations
 d - a beef jerky
 f - a meat ration


   Skills:
 + Level 6.8 Fighting
 + Level 6.0 Axes
 - Level 2.6 Dodging


You had 6 spell levels left.
You didn't know any spells.

Dungeon Overview and Level Annotations

Branches:
Dungeon (4/15)
 Temple: D:4-7

Altars:
Gozag

Annotations:
D:4 Edmund


Innate Abilities, Weirdness & Mutations

You can spit globs of burning liquid.
You can ignite nearby creatures when you spit burning liquid.
Your weird mottled scales are hard. (AC +6)
You cannot fit into any form of body armour.
You are cold-blooded and may be slowed by cold attacks.


Message History

Edmund is heavily wounded.
Edmund burns!
Edmund stops burning.
Edmund hits you with a dire flail of holy wrath!
* * * LOW HITPOINT WARNING * * *
You barely miss Edmund.
Edmund is severely wounded.
Edmund hits you with a dire flail of holy wrath!
* * * LOW HITPOINT WARNING * * *
You hit Edmund but do no damage.
Edmund is severely wounded.
A red film seems to cover your vision as you go berserk!
You feel yourself moving faster!
You feel mighty!
You are feeling very hungry.
Edmund hits you with a dire flail of holy wrath!
* * * LOW HITPOINT WARNING * * *
You are too berserk!
You slash Edmund!
Edmund is almost dead.
Edmund hits you with a dire flail of holy wrath!
You die...

##.##......#
..#......#
#.###.####
#.. #.#
####.##.#
........#
..###.#.#
#..#.# #.
#@# #. #@# #
..# ...#
....# .....#
###.#.#
#.#.#


You could see Edmund.

Vanquished Creatures
  Duvessa (D:4)
  A phantom (D:4)
  Dowan (D:4)
  A bullfrog skeleton (D:4)
  A hound (D:4)
  Crazy Yiuf (D:3)
  A worker ant (D:4)
  Robin (D:3)
  A howler monkey skeleton (D:4)
  8 adders
  A worm (D:2)
  2 dart slugs
  A leopard gecko (D:2)
  An orc (D:3)
  4 giant cockroaches
  7 hobgoblins
  8 jackals
  2 bats (D:2)
  4 frilled lizards
  19 goblins
  9 kobolds
  6 rats
81 creatures vanquished.

Notes
Turn   | Place    | Note
-------+----------+-------------------------------------------
     0 | D:1      | Kloppie the Draconian Berserker began the quest for the Orb.
     0 | D:1      | Reached XP level 1. HP: 19/19 MP: 1/1
   196 | D:1      | Reached XP level 2. HP: 23/26 MP: 2/2
   629 | D:2      | Found an opulent altar of Gozag.
   850 | D:2      | Reached XP level 3. HP: 22/33 MP: 3/3
  1185 | D:2      | Reached ** piety under Trog
  1522 | D:3      | Reached XP level 4. HP: 40/41 MP: 4/4
  1543 | D:3      | Noticed Robin
  1551 | D:3      | Killed Robin
  1933 | D:3      | Reached skill level 5 in Fighting
  1993 | D:3      | Reached XP level 5. HP: 43/48 MP: 5/5
  2112 | D:3      | Reached *** piety under Trog
  2410 | D:3      | Found a runed door.
  2414 | D:3      | Noticed Crazy Yiuf
  2420 | D:3      | Killed Crazy Yiuf
  2532 | D:4      | Noticed a phantom
  2581 | D:4      | Killed a phantom
  2581 | D:4      | Reached skill level 5 in Axes
  2581 | D:4      | Reached XP level 6. HP: 32/57 MP: 6/6
  2748 | D:4      | Noticed Dowan
  2750 | D:4      | Noticed Duvessa
  2759 | D:4      | Killed Duvessa
  2770 | D:4      | Killed Dowan
  3020 | D:4      | Your scales start taking on a weird mottled colour.
  3020 | D:4      | Reached XP level 7. HP: 53/64 MP: 7/7
  3089 | D:4      | Noticed Edmund
  3104 | D:4      | Mangled by Edmund

Skill      XL: |  1  2  3  4  5  6 |
---------------+-------------------+-----
Fighting       | 4 5 6 |  6.8
Axes           | 4 5 6 |  6.0
Dodging        | |  2.6

Action                   |  1- 3 |  4- 6 |  7- 9 || total
-------------------------+-------+-------+-------++-------
Melee: Hand axe          |   118 |   176 |     9 ||   303
       Tailslap          |    14 |    16 |     2 ||    32
Invok: Berserk           |     1 |     4 |     1 ||     6
       Trog's Hand       |       |     1 |       ||     1
 Abil: Breathe Sticky Fl |       |       |     1 ||     1
 Stab: Sleeping          |     1 |     1 |       ||     2
  Eat: Chunk             |     3 |     9 |       ||    12
Armor: Skin              |    33 |    41 |       ||    74
Dodge: Dodged            |    85 |   100 |     3 ||   188
